Map: Blackpink LE

Players

Serral

  • Race: Zerg Zerg
  • Spawn Location: 1:00

ShoWTimE - Winner!

  • Race: Protoss Protoss
  • Spawn Location: 7:00

Event: WCS Leipzig 2018

VOD

Have the link to the VOD?

Description

Time

  • Played on: Jan. 28, 2018, 9:54 a.m.
  • Length: 10:40

All games in this series

Show
View Real Time Build Order
Export as new Build Order

Serral Zerg 

Build Orders: Hatch First, Lurkers 

Get SALT Encoding   

  12  0:00  Drone  
  13  0:13  Overlord  
  13  0:18  Drone  
  14  0:31  Drone x2  
  16  0:48  Hatchery  
  15  0:52  Drone  
  15  0:55  Drone  
  17  0:59  Drone  
  18  1:09  Extractor  
  17  1:15  Spawning Pool  
  17  1:17  Drone  
  17  1:20  Drone  
  18  1:29  Drone  
  19  1:39  Overlord  
  19  1:50  Drone  
  20  2:01  Queen x2  
  20  2:02  Zergling x2  
  20  2:04  Zergling x2  
  26  2:10  Metabolic Boost  
  26  2:12  Drone  
  26  2:13  Drone  
  28  2:23  Drone x2  
  30  2:36  Hatchery  
  29  2:42  Queen  
  31  2:47  Overlord  
  32  2:51  Zergling x2  
  32  2:53  Zergling x2  
  32  2:55  Drone  
  34  2:59  Drone  
  34  3:00  Drone  
  36  3:09  Drone x2  
  38  3:13  Overlord  
  38  3:15  Drone x2  
  38  3:17  Drone  
  41  3:23  Lair  
  41  3:27  Drone  
  41  3:32  Queen  
  44  3:36  Spore Crawler  
  44  3:38  Drone  
  44  3:40  Drone  
  44  3:44  Drone x2  
  44  3:46  Drone  
  45  3:51  Overlord  
  45  3:52  Drone  
  45  3:56  Spore Crawler  
  45  3:57  Drone  
  45  4:00  Drone x2  
  47  4:03  Drone  
  47  4:06  Overlord  
  47  4:09  Zergling x2  
  49  4:10  Drone  
  49  4:12  Extractor  
  49  4:13  Drone, Extractor  
  49  4:16  Drone x2  
  51  4:20  Drone x2  
  53  4:26  Hydralisk Den  
  53  4:27  Overlord  
  52  4:34  Zergling x10  
  57  4:42  Drone x3  
  56  5:04  Drone x3, Extractor, Hydralisk x3  
  56  5:06  Hydralisk x2  
  66  5:13  Overlord  
  68  5:14  Hydralisk  
  68  5:15  Hydralisk  
  68  5:18  Overlord  
  72  5:25  Overlord  
  72  5:28  Muscular Augments  
  72  5:35  Drone x2  
  74  5:43  Lurker Den  
  74  5:45  Zergling x16  
  74  5:49  Overseer  
  81  5:55  Hydralisk  
  81  5:56  Zergling x8  
  87  6:00  Overlord  
  87  6:02  Overlord  
  87  6:09  Hydralisk  
  88  6:21  Hydralisk x5  
  98  6:27  Zergling x6  
  97  6:40  Zergling x10  
  97  6:41  Zergling x6  
  97  6:43  Overlord  
  97  6:45  Overlord  
  105  6:50  Overlord  
  103  7:09  Lurker x5  
  103  7:11  Hydralisk  
  103  7:12  Zergling x16  
  118  7:23  Hydralisk x2  
  115  7:32  Hydralisk x2  
  119  7:42  Hydralisk x2  
  119  7:44  Overlord x2  
  123  7:49  Hydralisk x2  
  123  7:50  Zergling x4  
  122  8:07  Hydralisk  
  122  8:08  Hydralisk x3  
  122  8:09  Zergling x12  
  122  8:11  Zergling x4  
  107  8:15  Hydralisk  
  107  8:19  Hydralisk  
  105  8:21  Hydralisk  
  105  8:25  Hydralisk  
  92  8:29  Hydralisk  
  92  8:30  Zergling x2  
  92  8:31  Zergling x2  
  96  8:39  Hydralisk x2  
  96  8:40  Zergling x4  
  102  8:58  Hydralisk x4  
  102  8:59  Zergling x8  
  114  9:16  Hydralisk x4  
  114  9:17  Zergling x6  
  122  9:27  Hydralisk x2  
  122  9:28  Zergling x6  
  124  9:39  Hydralisk x3  
  124  9:40  Zergling x2  
  131  9:55  Hydralisk x3  
  136  10:02  Overlord x2  
  136  10:11  Hydralisk x4  
  136  10:12  Zergling x2  
Show
View Real Time Build Order
Export as new Build Order

ShoWTimE Protoss - Winner!

Build Orders: 1 Gate Expand, Oracle Opening, Phoenix Opening, Archon Immortal 

Get SALT Encoding   

  12  0:00  Probe  
  13  0:12  Probe  
  14  0:19  Pylon  
  14  0:24  Probe  
  15  0:37  Probe (Chrono Boost)  
  16  0:45  Gateway  
  16  0:47  Probe (Chrono Boost), Assimilator  
  17  0:52  Probe (Chrono Boost)  
  18  1:03  Probe  
  19  1:16  Probe  
  20  1:24  Nexus  
  20  1:34  Cybernetics Core  
  20  1:37  Probe  
  21  1:44  Assimilator  
  21  1:49  Probe  
  21  1:52  Pylon  
  22  2:01  Probe  
  23  2:09  Adept (Chrono Boost)  
  23  2:14  Probe  
  26  2:16  Stargate  
  26  2:23  Warp Gate  
  26  2:26  Probe  
  26  2:27  Adept (Chrono Boost)  
  29  2:36  Probe  
  30  2:38  Probe  
  31  2:46  Adept (Chrono Boost)  
  31  2:48  Probe  
  31  2:50  Probe  
  35  2:58  Oracle (Chrono Boost)  
  35  3:00  Probe  
  35  3:02  Probe  
  40  3:06  Pylon  
  40  3:12  Probe  
  41  3:14  Probe  
  42  3:23  Gateway  
  42  3:24  Probe  
  42  3:26  Probe  
  44  3:28  Phoenix (Chrono Boost)  
  46  3:37  Assimilator  
  46  3:38  Probe  
  46  3:39  Probe, Assimilator  
  46  3:45  Oracle (Chrono Boost)  
  46  3:50  Probe  
  46  3:51  Probe  
  51  3:58  Pylon  
  51  4:02  Probe  
  52  4:03  Probe  
  52  4:06  Twilight Council  
  53  4:14  Probe (Chrono Boost)  
  53  4:16  Robotics Facility  
  55  4:20  Probe (Chrono Boost)  
  55  4:24  Gateway  
  55  4:26  Probe (Chrono Boost)  
  55  4:27  Gateway  
  55  4:31  Probe (Chrono Boost)  
  57  4:33  Probe (Chrono Boost)  
  57  4:34  Pylon  
  58  4:40  Probe  
  58  4:42  Gateway  
  59  4:50  Templar Archives  
  59  4:53  Charge (Chrono Boost)  
  59  4:58  Gateway  
  59  5:02  Pylon  
  59  5:03  Zealot x2  
  63  5:09  Warp Prism (Chrono Boost)  
  65  5:14  Psionic Storm  
  65  5:24  Pylon  
  65  5:28  High Templar x2  
  69  5:36  Nexus  
  69  5:41  Pylon  
  69  5:43  Observer  
  69  5:46  Probe x2  
  69  5:47  Shield Battery  
  72  5:52  High Templar  
  74  5:57  Zealot x2  
  74  5:58  Probe  
  74  6:03  High Templar  
  81  6:04  Probe  
  81  6:10  Probe  
  83  6:12  Shield Battery  
  83  6:14  Immortal (Chrono Boost)  
  83  6:15  Zealot x2  
  91  6:22  Shield Battery  
  91  6:30  Probe x2  
  93  6:42  Probe (Chrono Boost)  
  93  6:43  Forge  
  93  6:44  Pylon  
  94  6:48  Probe (Chrono Boost)  
  94  6:51  Immortal  
  101  6:54  Probe (Chrono Boost), High Templar x2  
  101  6:58  Probe (Chrono Boost)  
  101  7:00  Probe (Chrono Boost), Assimilator  
  106  7:02  Probe (Chrono Boost)  
  106  7:04  Assimilator  
  106  7:05  Probe (Chrono Boost)  
  106  7:06  Probe (Chrono Boost)  
  106  7:07  Protoss Ground Weapons Level 1  
  109  7:08  Probe  
  109  7:14  Probe  
  111  7:15  Gateway  
  111  7:16  Probe  
  111  7:17  Gateway  
  111  7:19  High Templar  
  111  7:20  Probe  
  115  7:39  Pylon  
  115  7:40  Pylon  
  115  7:41  Pylon  
  115  7:52  Photon Cannon  
  115  7:53  Photon Cannon  
  115  7:54  Nexus  
  115  7:56  Pylon  
  115  7:58  Immortal (Chrono Boost)  
  119  8:01  High Templar x2, Zealot x4  
  130  8:08  Archon  
  130  8:11  Archon  
  116  8:13  Archon  
  100  8:27  High Templar x3  
  106  8:34  Immortal (Chrono Boost)  
  106  8:36  High Templar  
  106  8:37  Zealot x3  
  118  8:45  Nexus, Gateway, Pylon  
  118  8:47  Pylon  
  118  8:48  Gateway  
  118  8:51  Pylon  
  117  8:56  High Templar  
  117  9:00  Zealot x6  
  131  9:06  Immortal (Chrono Boost)  
  135  9:10  Nexus  
  135  9:11  Pylon  
  135  9:22  High Templar, Zealot x3  
  143  9:24  High Templar  
  143  9:28  Archon  
  143  9:29  Nexus  
  135  9:31  Pylon  
  135  9:37  Zealot x3, Pylon  
  139  9:40  Immortal (Chrono Boost)  
  139  9:42  Zealot  
  143  9:52  Pylon  
  143  9:53  Pylon  
  142  10:03  Zealot x5  
  142  10:04  Zealot x3  
  158  10:08  Zealot  
  160  10:15  Observer  
  160  10:17  Photon Cannon  
  160  10:19  Photon Cannon  
  139  10:34  Zealot x3  
  139  10:35  Zealot x3  
Tags
 
Add a new tag
Caveats
  • Supply blocks, unpowered buildings, or Contaminate may cause inaccurate times.
  • Supply counts are checked every 10 seconds.